 Dungeon Crawl Stone Soup version 0.28-a0-863-g8cecda6153 (webtiles) character file.

Game seed: 14658494992775364564

78 croobank the Bolt Thrower (level 4, 0/34 HPs)
             Began as a Barachi Hunter on Nov 19, 2021.
             Was a Follower of Kikubaaqudgha.
             Succumbed to a scorpion's poison
             ... on level 2 of the Dungeon.
             The game lasted 00:08:49 (1759 turns).

croobank the Bolt Thrower (Barachi Hunter)          Turns: 1759, Time: 00:08:50

Health: 0/34       AC:  5    Str: 14    XL:     4   Next: 36%
Magic:  4/4        EV: 11    Int: 12    God:    Kikubaaqudgha [*.....]
Gold:   18         SH:  0    Dex: 12    Spells: 2/3 levels left

rFire   . . .      SeeInvis .   b - +0 short sword
rCold   . . .      Faith    .   (no shield)
rNeg    . . .      Spirit   .   i - +0 ring mail
rPois   .          Reflect  .   (no helmet)
rElec   .          Harm     .   h - scarf {repulsion}
rCorr   .          Rampage  .   (no gloves)
Will    .....                   (no boots)
Stlth   +.........              (no amulet)
HPRegen 0.11/turn               (no ring)
MPRegen 0.09/turn               (no ring)

@: lethally poisoned (0 -> -16), repel missiles, slow
A: amphibious, slowness 1, strong legs 1, +LOS
a: Hop, Renounce Religion, Receive Corpses


You were on level 2 of the Dungeon.
You worshipped Kikubaaqudgha.
Kikubaaqudgha was aware of your devotion.
You visited 1 branch of the dungeon, and saw 2 of its levels.

You collected 18 gold pieces.

Inventory:

Hand Weapons
 a - a +1 hand crossbow
 b - a +0 short sword (weapon)
 e - a +0 dagger
Missiles
 d - 9 bolts
 g - 29 stones (quivered)
Armour
 c - a +0 leather armour
 h - a scarf of repulsion (worn)
 i - a +0 ring mail (worn)
Potions
 j - a potion of curing {unknown}


   Skills:
 + Level 2.7 Fighting
 + Level 1.1 Short Blades
 + Level 5.1 Crossbows
 + Level 1.5 Armour
 + Level 2.2 Dodging
 + Level 0.9 Stealth


You had 2 spell levels left.
You knew the following spells:

 Your Spells              Type           Power      Damage    Failure   Level
a - Pain                  Necr           0%         1d4       56%         1

Your spell library contained the following spells:

 Spells                   Type           Power      Damage    Failure   Level
 Animate Skeleton         Necr           0%         N/A       56%         1
 Sublimation of Blood     Necr           0%         N/A       71%         2
 Vampiric Draining        Necr           0%         2d6       90%         3
 Chain Lightning          Conj/Air       0%         N/A       100%        9
 Fire Storm               Conj/Fire      0%         5d1       100%        9
 Shatter                  Erth           0%         3d5*      100%        9


Dungeon Overview and Level Annotations

Branches:
Dungeon (2/15)

Altars:
Kikubaaqudgha

Shops:
D:2 ?[


Innate Abilities, Weirdness & Mutations

You are amphibious.
You cover ground slowly.
You can hop short distances.
You have an extended range of vision and can be seen from far away.


Message History

The scorpion is moderately wounded.
Unknown command.
b - a +0 short sword (weapon)
You hit the scorpion.
The scorpion is heavily wounded.
The scorpion stings you.
You barely miss the scorpion.
The scorpion is heavily wounded.
The scorpion stings you but does no damage.
You barely miss the scorpion.
The scorpion is heavily wounded.
The scorpion closely misses you. The scorpion stings you.
You hit the scorpion but do no damage.
The scorpion is heavily wounded.
The scorpion stings you.
You are poisoned.
The scorpion poisons you!
You closely miss the scorpion.
The scorpion is heavily wounded.
You feel very sick. The scorpion closely misses you.
You hit the scorpion but do no damage.
The scorpion is heavily wounded.
You feel sick. The scorpion closely misses you.
You hit the scorpion.
The scorpion is heavily wounded.
You feel sick. The scorpion closely misses you.
You hit the scorpion.
The scorpion is heavily wounded.
You feel sick. The scorpion barely misses you. The scorpion stings you.
You hit the scorpion.
The scorpion is severely wounded.
You feel sick. The scorpion stings you!
* * * LOW HITPOINT WARNING * * *
You are lethally poisoned!
The scorpion poisons you!
You closely miss the scorpion.
The scorpion is severely wounded.
You die...
Kikubaaqudgha rasps: "You have failed me!
Welcome... death!"

. +.........#... #... .
#............. ######...
.##............. ........#
#.+....∩........ # .(.....#
#.#............. #. .(.....#
##'###....###.... ##..
.....(###.........###.... ....###
#...........##.##.....
.......##...s@.....###.##.....
...........†............#.....
...)...(.########.†.†...∩.....
.........# #.......#.....
....##...################..(..
######.#.........................
#......#......................<..
#......#.........................
#......+..†..)...................


You could see a scorpion.

Vanquished Creatures
  Jessica (D:2)
  An adder (D:2)
  A worm (D:2)
  3 ball pythons (D:1)
  4 endoplasms (D:1)
  2 hobgoblins (D:1)
  4 jackals
  4 kobolds (D:1)
  2 quokkas (D:1)
  A bat (D:1)
  5 frilled lizards
  7 goblins
  2 rats (D:2)
37 creatures vanquished.

Vanquished Creatures (others)
  A fungus (D:1)
  A plant (D:1)
2 creatures vanquished.

Grand Total: 39 creatures vanquished

Notes
Turn   | Place    | Note
-------+----------+-------------------------------------------
     0 | D:1      | croobank the Barachi Hunter began the quest for the Orb.
     0 | D:1      | Reached XP level 1. HP: 17/17 MP: 1/1
    86 | D:1      | Reached XP level 2. HP: 19/23 MP: 2/2
   460 | D:1      | Found a faded altar of an unknown god.
   463 | D:1      | Prayed at the altar of an unknown god.
   463 | D:1      | Became a worshipper of Kikubaaqudgha
   463 | D:1      | Reached * piety under Kikubaaqudgha
   463 | D:1      | Received a gift from Kikubaaqudgha
   466 | D:1      | Learned a level 1 spell: Pain
   564 | D:1      | Reached XP level 3. HP: 25/28 MP: 3/3
  1367 | D:2      | Noticed Jessica
  1377 | D:2      | Killed Jessica
  1378 | D:2      | Reached skill level 5 in Crossbows
  1587 | D:2      | Reached skill level 1 in Armour
  1588 | D:2      | Reached XP level 4. HP: 34/34 MP: 4/4
  1596 | D:2      | Reached skill level 1 in Short Blades
  1629 | D:2      | Found Ypnou's Magic Scroll Boutique.
  1641 | D:2      | Found Xaophaom's Antique Armour Shop.
  1745 | D:2      | Noticed a scorpion
  1759 | D:2      | Succumbed to a scorpion's poison

Illustrated notes

Levels and vault maps discovered:
D:1:      minmay_arrival_cross, layout_basic,
          shapermc_ecumenical_altar_mp_urbaneastern
D:2:      layout_basic, serial_shops, shop, shop_scrolls, uniq_jessica

Skill      XL: |  1  2  3  4 |
---------------+-------------+-----
Crossbows      | 5 |  5.1
Armour         | 1 |  1.5
Short Blades   | 1 |  1.1
Fighting       | |  2.7
Dodging        | |  2.2
Stealth        | |  0.9

Action                   |  1- 3 |  4- 6 || total
-------------------------+-------+-------++-------
Melee: Short sword       |    30 |    20 ||    50
 Fire: Hand crossbow     |    30 |    23 ||    53
Throw: Stone             |     3 |     1 ||     4
  Use: Scroll            |     1 |     1 ||     2
Armor: Leather armour    |     4 |       ||     4
       Ring mail         |     4 |     6 ||    10
Dodge: Dodged            |    20 |    13 ||    33

Table legend: (Time is in decaauts)
 A = Elapsed time spent in this place.
 B = Non-inter-level travel time spent in this place.
 C = Inter-level travel time spent in this place.
 D = Time resting spent in this place.
 E = Time spent auto-exploring this place.
 F = Levels seen in this place.
 G = Mean time per level.
                   A        B        C        D        E       F      G
               +--------+--------+--------+--------+--------+-----+--------+
         Total |   1900 |   1891 |      9 |    566 |    948 |   2 |  950.0 |
       Dungeon |   1900 |   1891 |      9 |    566 |    948 |   2 |  950.0 |
               +--------+--------+--------+--------+--------+-----+--------+

Top non-repeatable levels by time:
     D:1: 1450 daAuts
     D:2: 450 daAuts
